 Dungeon Crawl Stone Soup version 0.28-a0-206-gc2c9e32840 (webtiles) character file.

Game seed: 1611191941914018098

28 tatocazan the Sneak (level 3, 0/26 HPs)
             Began as an Octopode Brigand on Aug 20, 2021.
             Slain by an adder (4 damage)
             ... on level 1 of the Dungeon.
             The game lasted 00:01:28 (761 turns).

tatocazan the Sneak (Octopode Brigand)               Turns: 761, Time: 00:01:29

Health: 0/26       AC:  1    Str: 10    XL:     3   Next: 12%
Magic:  3/3        EV: 13    Int: 13    God:
Gold:   32         SH:  0    Dex: 14    Spells: 2/2 levels left

rFire   . . .      SeeInvis .   j - +1 short sword (speed)
rCold   . . .      Faith    .   (no shield)
rNeg    . . .      Spirit   .   (helmet restricted)
rPois   .          Reflect  .   (no amulet)
rElec   .          Harm     .   (no ring)
rCorr   .          Rampage  .   (no ring)
Will    .....      Rnd*Tele +   (no ring)
Stlth   ++++......              (no ring)
HPRegen 0.08/turn               (no ring)
MPRegen 0.08/turn               (no ring)
                                (no ring)
                                (no ring)

@: lethally poisoned (0 -> -3)
A: almost no armour, amphibious, 8 rings, camouflage 1, gelatinous body 1,
(nimble swimmer 1), tentacles, deterioration 1, robust 1, teleportitis 1
a: no special abilities


You were on level 1 of the Dungeon.
You visited 1 branch of the dungeon, and saw 2 of its levels.

You collected 32 gold pieces.

Inventory:

Hand Weapons
 a - a +2 dagger
 j - a +1 short sword of speed (weapon)
Missiles
 c - a curare-tipped dart (quivered)
Scrolls
 e - a scroll of amnesia {unknown}
 g - a scroll of noise {unknown}
 h - a scroll of identify {unknown}
 i - a scroll of teleportation {unknown}
Potions
 f - a potion of might {unknown}


   Skills:
 + Level 2.2 Fighting
 * Level 2.5 Short Blades
 + Level 2.2 Throwing
 + Level 1.3 Dodging
 * Level 5.8 Stealth


You had 2 spell levels left.
You didn't know any spells.
Your spell library was empty.

Dungeon Overview and Level Annotations

Branches:
Dungeon (2/15)

Altars:


Innate Abilities, Weirdness & Mutations

You cannot wear most types of armour.
You are amphibious.
You can wear up to eight rings at the same time.
Your skin changes colour to match your surroundings (Stealth+).
Your rubbery body absorbs attacks. (AC +1, EV +1)
((You are camouflaged near water. (Stealth+)))
You have tentacles for arms and can constrict up to eight enemies at once.
Your body sometimes deteriorates upon taking damage.
You are robust. (+10% HP)
You are occasionally teleported next to monsters.


Message History

Press: ? - help, Q - select action, (/) - cycle Shift-Dir - straight line, f/p - jackal
Aim: a jackal (moderately wounded, poisoned, 53% to hit)
You throw a poisoned dart. The poisoned dart hits the jackal.
The jackal looks even sicker.
The jackal is moderately wounded.
The jackal closely misses you. The jackal bites you.
* * * LOW HITPOINT WARNING * * *
You take 3 damage, and have 7/24 hp.
Throw: 2 darts (poison)
Press: ? - help, Q - select action, (/) - cycle Shift-Dir - straight line, f/p - jackal
Aim: a jackal (heavily wounded, very poisoned, 53% to hit)
You throw a poisoned dart. The poisoned dart hits the jackal.
The jackal looks even sicker.
The jackal is heavily wounded.
The jackal bites you but does no damage.
You kill the jackal!
Throw: dart (poison)
Press: ? - help, Q - select action, (/) - cycle Shift-Dir - straight line, f - adder
Aim: an adder (lightly wounded, 42% to hit)
You throw a poisoned dart.
The poisoned dart closely misses the adder.
The adder closely misses you.
Throw: 2 darts (curare)
Press: ? - help, Q - select action Shift-Dir - straight line, f/p - adder
Aim: an adder (lightly wounded, 42% to hit)
You throw a curare-tipped dart.
The curare-tipped dart completely misses the adder.
The adder bites you.
* * * LOW HITPOINT WARNING * * *
You are poisoned.
The adder poisons you!
You take 1 damage, and have 6/24 hp.
* * * LOW HITPOINT WARNING * * *
You feel sick.
You take 2 damage, and have 4/24 hp.
It was a potion of mutation.
You feel extremely strange.
You feel weirdly uncertain.
You feel yourself wasting away.
You feel robust.
* * * LOW HITPOINT WARNING * * *
You feel sick. The adder barely misses you. The adder bites you.
You die...

#.# ###.###.# #.# #.# #...# #.#
#.# #.# ##.#.###.# #.# #.#
##........# ###.##
####.###..(..#.#.# #.....
.............#.#.## #.#.##
###...............# #.#.# #
#...###...###...# #.#.## #
###.##.###.##.@.#### #.#..# #
#...## ##..S.....# #.##.# # ##..#
#........# #.##.# ######..##
##..[.....#######.##.#
#........###(##....###...........
........#..(#.).....#[..####.##).
#####...##..#.#####...#....#.##..
......#..(..#.# #.#...##.#.##..
#####..>###.#.# #..........##..


You could see an adder.

Vanquished Creatures
  A dart slug (D:1)
  2 ball pythons (D:1)
  2 endoplasms (D:1)
  2 goblins (D:1)
  2 hobgoblins (D:1)
  6 jackals
  A quokka (D:1)
  A bat (D:1)
  2 kobolds (D:1)
  2 rats (D:1)
21 creatures vanquished.

Notes
Turn   | Place    | Note
-------+----------+-------------------------------------------
     0 | D:1      | tatocazan the Octopode Brigand began the quest for the Orb.
     0 | D:1      | Reached XP level 1. HP: 14/14 MP: 1/1
   155 | D:1      | Reached XP level 2. HP: 19/19 MP: 2/2
   523 | D:1      | Reached XP level 3. HP: 24/24 MP: 3/3
   761 | D:1      | Gained mutation: You are occasionally teleported next to
                  | monsters. [potion of mutation]
   761 | D:1      | Gained mutation: Your body sometimes deteriorates upon
                  | taking damage. [potion of mutation]
   761 | D:1      | Gained mutation: You are robust. (+10% HP) [potion of
                  | mutation]
   761 | D:1      | Slain by an adder

Illustrated notes

Levels and vault maps discovered:
D:1:      moated_graveyard_arrival, layout_loops_ring
D:2:      layout_rooms, dreamdust_ecumenical_altar_sealed_demon, uniq_sigmund

Action                   || total
-------------------------++-------
Melee: Dagger            ||    19
       Short sword       ||     8
       Constrict         ||     6
       Tentacles         ||     3
Throw: Dart              ||     9
  Use: Potion            ||     1
 Stab: Sleeping          ||    12
Armor: Skin              ||     1
Dodge: Dodged            ||    17

Table legend: (Time is in decaauts)
 A = Elapsed time spent in this place.
 B = Non-inter-level travel time spent in this place.
 C = Inter-level travel time spent in this place.
 D = Time resting spent in this place.
 E = Time spent auto-exploring this place.
 F = Levels seen in this place.
 G = Mean time per level.
                   A        B        C        D        E       F      G
               +--------+--------+--------+--------+--------+-----+--------+
         Total |    755 |    745 |     10 |      0 |    608 |   2 |  377.5 |
       Dungeon |    755 |    745 |     10 |      0 |    608 |   2 |  377.5 |
               +--------+--------+--------+--------+--------+-----+--------+

Top non-repeatable levels by time:
     D:1: 750 daAuts
     D:2: 4 daAuts
